 Dungeon Crawl Stone Soup version 0.30.1-9-gdf580d7c3d (webtiles) character file.

Game seed: 4683054851097199788

134646 Legs the Bludgeoner (level 16, -17/152 HPs)
             Began as a Minotaur Berserker on Oct 15, 2023.
             Was a High Priest of Trog.
             Killed from afar by an oklob plant (26 damage)
             ... with a splash of acid
             ... on level 5 of the Lair of Beasts on Oct 18, 2023.
             The game lasted 01:24:19 (19352 turns).

Legs the Bludgeoner (Minotaur Berserker)           Turns: 19352, Time: 01:24:20

Health: -17/152    AC:  1    Str: 28    XL:     16   Next: 62%
Magic:  15/15      EV: 21    Int:  4    God:    Trog [*****.]
Gold:   1528       SH: 16    Dex: 18    Spells: 15/15 levels left

rFire   + . .        T - +8 mace (flame)
rCold   + . .        z - +3 buckler
rNeg    . . .        p - +3 leather armour {rF+}
rPois   .            (helmet unavailable)
rElec   .            a - +2 cloak
rCorr   .            V - +2 pair of gloves
SInv    .            Z - +2 pair of boots
Will    +....        y - amulet of reflection
Stlth   ++++         s - +4 ring of protection
HPRegen 0.45/turn    E - +6 ring of dexterity
MPRegen 0.14/turn

%: reflection
@: about to teleport, corroded
A: horns 3, retaliatory headbutt, cold resistance 1, sturdy frame 1
a: Renounce Religion, Berserk, Trog's Hand, Brothers in Arms


You were on level 5 of the Lair of Beasts.
You worshipped Trog.
Trog was extremely pleased with you.
You visited 3 branches of the dungeon, and saw 21 of its levels.
You also visited: Ossuary.

You collected 1723 gold pieces.
You spent 195 gold pieces at shops.

Inventory:

Hand Weapons
 k - the +2 morningstar of Hujeuke {antimagic, rF+ rN+}
   (Trog gifted it to you on level 5 of the Lair of Beasts)

   rF:        It protects you from fire.
   rN:        It protects you from negative energy.
 A - a +5 heavy flail
 O - a +4 scimitar
 Q - a +5 dire flail of freezing
 T - a +8 mace of flaming (weapon)
Missiles
 J - 9 boomerangs (quivered)
Armour
 a - a +2 cloak (worn)
 c - a scarf of shadows
 p - a +3 leather armour of fire resistance (worn)
 z - a +3 buckler (worn)
 F - a scarf of resistance
 R - a +2 hat
 U - a +1 plate armour
 V - a +2 pair of gloves (worn)
 Z - a +2 pair of boots (worn)
Jewellery
 s - a +4 ring of protection (left hand)
 y - an amulet of reflection (around neck)
 C - a ring of willpower
 D - a ring of fire
 E - a +6 ring of dexterity (right hand)
Wands
 e - a wand of mindburst (7)
 n - a wand of paralysis (6)
 q - a wand of flame (47)
Scrolls
 b - 2 scrolls of immolation
 d - a scroll of enchant weapon
 f - 2 scrolls of blinking
 g - 3 scrolls of fear
 j - a scroll of magic mapping
 l - a scroll of silence
 v - a scroll of brand weapon
 w - a scroll of fog
 x - 5 scrolls of identify
 X - 2 scrolls of summoning
Potions
 o - 2 potions of haste
 t - 5 potions of flight
 u - a potion of invisibility
 B - 3 potions of ambrosia
 I - a potion of cancellation
 K - 2 potions of might
 L - 2 potions of lignification
 Y - a potion of berserk rage
Miscellaneous
 m - a phantom mirror


   Skills:
 + Level 16.3 Fighting
 + Level 19.2 Maces & Flails
 + Level 1.7 Throwing
 + Level 9.9 Armour
 + Level 14.3 Dodging
 + Level 7.7 Stealth
 + Level 13.2 Shields


You had 15 spell levels left.
You didn't know any spells.
Your spell library was empty.

Dungeon Overview and Level Annotations

Branches:
Dungeon (15/15)            Temple (1/1) D:6            Lair (5/5) D:11
 Shoals (0/4) Lair:2        Snake (0/4) Lair:3        Slime (0/5) Lair:5
    Orc (0/2) D:10         Vaults (0/5) D:14        Ossuary (visited)
 Depths: D:15

Altars:
Ashenzari
Cheibriados
Dithmenos
Elyvilon
Fedhas
Gozag
Hepliaklqana
Kikubaaqudgha
Makhleb
Nemelex Xobeh
Okawaru
Qazlal
Ru
Sif Muna
Trog
Uskayaw
Vehumet
Wu Jian
Xom
Yredelemnul
Zin
The Shining One
Jiyva

Shops:
D:11 =   D:15 [

Annotations:
D:4 1 runed translucent door
Lair:5 exclusion: 3 oklob plants


Innate Abilities, Weirdness & Mutations

You have a pair of large horns on your head.
You reflexively headbutt those who attack you in melee.
Your flesh is cold resistant. (rC+)
Your movements are slightly less encumbered by armour. (ER -2)


Message History

The splash of acid misses you.
You see here 10 gold pieces.
The oklob plant spits acid at you. The splash of acid hits you!
The oklob plant spits acid at you. The splash of acid hits you!!
The acid corrodes you! The oklob plant spits acid at you.
The splash of acid hits you! The oklob plant spits acid at you.
You block splash of acid... and reflect it back!
The splash of acid hits the oklob plant.
The oklob plant completely resists.
The oklob plant spits acid at you. The splash of acid hits you!!
The acid corrodes you!
You hit the oklob plant but do no damage.
You hit the oklob plant. You burn the oklob plant.
The oklob plant is lightly damaged.
The oklob plant spits acid at you. The splash of acid hits you!
The oklob plant spits acid at you. The splash of acid hits you!
* * * LOW HITPOINT WARNING * * *
The acid corrodes you!
As you read the scroll of teleportation, it crumbles to dust.
You feel strangely unstable. The oklob plant spits acid at you.
The splash of acid hits you!!
* * * LOW HITPOINT WARNING * * *
You feel better. The oklob plant spits acid at you.
The splash of acid hits you.
* * * LOW HITPOINT WARNING * * *
The acid corrodes you! The oklob plant spits acid at you.
The splash of acid hits you!
* * * LOW HITPOINT WARNING * * *
The acid corrodes you! The oklob plant spits acid at you.
The splash of acid hits you!!
You die...

### ##.###.### #######.#####
####.####P.##....####......#....#
.................................
.....#.....##.#.......######....#
.....########...........# ##...##
#.....#########........P.##....##
#......##.#......$.[.....###...##
#.........................#....##
......##........@........#.......
.....###.#...............##......
#....#########...P.P.....##...!.#
.....#.### #......P.....#......#
......#..####....P...............
..................P..............
.................................
.................................
..................)..............


You could see 3 oklob plants.

Vanquished Creatures
  Gastronok (D:8)
  An ironbound preserver (D:14)
  Josephine (D:11)
  7 hydras
  2 centaur warriors
  An ogre mage (D:15)
  5 two-headed ogres
  4 boulder beetles
  A tengu warrior (D:14)
  9 death yaks
  3 skysharks
  4 harpies (D:15)
  A deep elf pyromancer (D:14)
  9 ugly things
  4 cyclopes
  2 manticores
  Joseph (D:8)
  16 elephants (Lair:5)
  19 cane toads
  5 black mambas
  A torpor snail (Lair:3)
  A kobold demonologist (D:11)
  An unseen horror (D:10)
  A rime drake (Lair:1)
  5 komodo dragons
  2 tengu conjurers (D:15)
  A freezing wraith (D:14)
  2 trolls (D:13)
  A polar bear (Lair:1)
  A tyrant leech (Lair:5)
  A meliai (D:14)
  26 blink frogs
  A hornet (D:9)
  Prince Ribbit (D:7)
  The ghost of KittyFluff the Cudgeller, an amateur GrBe of Trog (D:4)
  A centaur simulacrum (D:15)
  3 shadows
  7 wraiths
  4 wyverns
  2 water elementals
  A vampire (D:11)
  32 yaks
  4 basilisks
  12 vampire mosquitoes
  3 steam dragons
  Edmund (D:4)
  3 water moccasins
  2 black bears
  8 orc warriors
  8 ogres
  13 wolves
  5 centaurs
  3 kobold brigands
  17 bullfrogs
  A gnoll sergeant (D:9)
  14 scorpions
  12 wights
  7 killer bees (D:10)
  6 howler monkeys
  4 electric eels
  7 crimson imps
  6 human zombies (Ossuary)
  2 centaur zombies (Ossuary)
  3 jellies
  12 orc priests
  4 hounds
  A gnoll bouda (D:9)
  2 sleepcaps
  Natasha (thrice) (D:2)
  5 iguanas
  10 orc wizards
  6 scorpion zombies (Ossuary)
  4 mummies
  Robin (D:2)
  9 adders
  13 gnolls
  A river rat (D:4)
  A shadow imp (D:7)
  3 white imps
  3 worms
  A dart slug (D:2)
  44 orcs
  8 ball pythons
  3 bats
  6 endoplasms
  3 giant cockroaches
  15 goblins
  12 hobgoblins
  2 jackals (D:1)
  3 quokkas
  A frilled lizard (D:2)
  2 goblin zombies (Ossuary)
  3 hobgoblin zombies (Ossuary)
  20 kobolds
  4 kobold zombies
  4 orc zombies
  9 rats
  A butterfly (Lair:1)
552 creatures vanquished.

Vanquished Creatures (collateral kills)
  5 death yaks (D:11)
  A skyshark (Lair:5)
  2 elephants (Lair:5)
  A cane toad (Lair:5)
  A blink frog (Lair:5)
10 creatures vanquished.

Vanquished Creatures (others)
  A crimson imp (D:7)
1 creature vanquished.

Grand Total: 563 creatures vanquished

Notes
Turn   | Place    | Note
-------+----------+-------------------------------------------
     0 | D:1      | Legs the Minotaur Berserker began the quest for the Orb.
     0 | D:1      | Reached XP level 1. HP: 19/19 MP: 0/0
   164 | D:1      | Reached XP level 2. HP: 27/27 MP: 1/1
   226 | D:1      | Reached skill level 4 in Maces & Flails
   239 | D:1      | Found a faded altar of an unknown god.
   800 | D:2      | Reached XP level 3. HP: 31/34 MP: 2/2
   819 | D:2      | Noticed Natasha
   825 | D:2      | Killed Natasha
   887 | D:2      | Reached ** piety under Trog
   940 | D:2      | Reached XP level 4. HP: 39/41 MP: 3/3
   961 | D:2      | Found a basalt altar of Yredelemnul.
  1161 | D:2      | Noticed Robin
  1185 | D:2      | Killed Robin
  1186 | D:2      | Reached skill level 5 in Maces & Flails
  1377 | D:2      | Noticed Natasha
  1385 | D:2      | Killed Natasha
  1460 | D:2      | Noticed Natasha
  1468 | D:2      | Killed Natasha
  1469 | D:2      | Reached skill level 5 in Fighting
  1469 | D:2      | Reached XP level 5. HP: 33/48 MP: 4/4
  2199 | D:3      | Found a sacrificial altar of Ru.
  2651 | D:4      | Reached *** piety under Trog
  2748 | D:4      | Reached skill level 6 in Maces & Flails
  2854 | D:4      | Noticed Edmund
  2867 | D:4      | Killed Edmund
  2868 | D:4      | Reached XP level 6. HP: 34/56 MP: 5/5
  3195 | D:4      | Reached skill level 7 in Maces & Flails
  3245 | D:4      | Reached XP level 7. HP: 55/62 MP: 6/6
  3310 | D:4      | Found a runed translucent door.
  3329 | D:4      | Found a runed translucent door.
  3335 | D:4      | Noticed KittyFluff's ghost (amateur GrBe)
  3755 | D:5      | Entered Level 5 of the Dungeon
  3769 | D:5      | Found a snail-covered altar of Cheibriados.
  4258 | D:5      | Found a basalt altar of Yredelemnul.
  4292 | D:5      | Found a burning altar of Makhleb.
  4398 | D:5      | Reached skill level 8 in Maces & Flails
  4514 | D:5      | Reached XP level 8. HP: 71/71 MP: 7/7
  4615 | D:5      | Found an iron altar of Okawaru.
  4879 | D:6      | Reached skill level 9 in Maces & Flails
  4881 | D:6      | Reached skill level 1 in Stealth
  5139 | D:6      | Found an opulent altar of Gozag.
  5140 | D:6      | Found a shimmering blue altar of Sif Muna.
  5142 | D:6      | Found an ornate altar of the Wu Jian Council.
  5142 | D:6      | Found a radiant altar of Vehumet.
  5212 | D:6      | Reached **** piety under Trog
  5426 | D:6      | Found a staircase to the Ecumenical Temple.
  5466 | D:6      | Reached skill level 10 in Maces & Flails
  5608 | Temple   | Entered the Ecumenical Temple
  5766 | D:7      | Reached skill level 5 in Dodging
  5864 | D:7      | Found a sand-covered staircase.
  5869 | Ossuary  | Entered an ossuary
  5887 | Ossuary  | Reached skill level 11 in Maces & Flails
  5912 | Ossuary  | Reached skill level 5 in Armour
  5919 | Ossuary  | Reached skill level 1 in Shields
  5962 | Ossuary  | Reached skill level 12 in Maces & Flails
  5987 | Ossuary  | Reached XP level 9. HP: 79/79 MP: 8/8
  6227 | Ossuary  | Reached skill level 13 in Maces & Flails
  6322 | D:7      | Noticed Prince Ribbit
  6333 | D:7      | Killed Prince Ribbit
  6732 | D:7      | Reached skill level 14 in Maces & Flails
  6928 | D:7      | Reached ***** piety under Trog
  7307 | D:7      | Reached XP level 10. HP: 75/90 MP: 9/9
  7468 | D:8      | Reached skill level 15 in Maces & Flails
  7504 | D:8      | Found a stormy altar of Qazlal.
  7583 | D:8      | Noticed Joseph
  7707 | D:8      | Noticed Gastronok
  7714 | D:8      | Killed Joseph
  7794 | D:8      | Killed Gastronok
  7795 | D:8      | Reached skill level 16 in Maces & Flails
  7795 | D:8      | Reached skill level 5 in Shields
  8483 | D:9      | Reached skill level 10 in Fighting
  8622 | D:9      | Noticed a two-headed ogre
  8627 | D:9      | Killed a two-headed ogre
  8628 | D:9      | Reached XP level 11. HP: 100/100 MP: 10/10
  8646 | D:9      | Found a glowing golden altar of the Shining One.
  8821 | D:10     | Entered Level 10 of the Dungeon
  9049 | D:10     | Found a staircase to the Orcish Mines.
 10363 | D:11     | Noticed Josephine
 10370 | D:11     | Noticed a death yak
 10372 | D:11     | Killed Josephine
 10375 | D:11     | Noticed a cyan ugly thing
 10378 | D:11     | Killed a death yak
 10384 | D:11     | Killed a cyan ugly thing
 10400 | D:11     | Found a staircase to the Lair.
 10400 | D:11     | Noticed a death yak
 10400 | D:11     | Noticed a death yak
 10400 | D:11     | Noticed a death yak
 10400 | D:11     | Noticed a death yak
 10400 | D:11     | Noticed a death yak
 10400 | D:11     | Noticed a death yak
 10400 | D:11     | Noticed a death yak
 10400 | D:11     | Noticed a death yak
 10400 | D:11     | Noticed a death yak
 10401 | D:11     | Noticed a boulder beetle
 10404 | D:11     | HP: 3/102 [boulder beetle (19)]
 10765 | D:11     | You fall into a shaft and drop 3 floors!
 10815 | D:14     | Noticed a tengu warrior
 10843 | D:14     | Killed a tengu warrior
 10966 | D:14     | Reached skill level 17 in Maces & Flails
 11186 | D:14     | Noticed a deep elf pyromancer
 11186 | D:14     | Noticed a brown ugly thing
 11421 | D:14     | Found a gate to the Vaults.
 11421 | D:14     | Noticed an ironbound preserver
 11451 | D:14     | Killed an ironbound preserver
 11652 | D:14     | Reached XP level 12. HP: 112/112 MP: 11/11
 11662 | D:14     | Identified the +0 robe "Wireep" {Int+3}
 12336 | D:14     | Reached skill level 10 in Dodging
 12750 | D:15     | Entered Level 15 of the Dungeon
 12751 | D:15     | Found Qisev's Armour Shoppe.
 12761 | D:15     | Bought a +1 pair of boots for 195 gold pieces
 12795 | D:15     | Noticed a two-headed ogre
 12795 | D:15     | Noticed a two-headed ogre
 12829 | D:15     | Reached skill level 5 in Stealth
 12981 | D:15     | Reached skill level 1 in Throwing
 13070 | D:15     | Noticed a two-headed ogre
 13071 | D:15     | Noticed an ogre mage
 13105 | D:15     | Killed a two-headed ogre
 13112 | D:15     | Killed an ogre mage
 13116 | D:15     | Killed a two-headed ogre
 13119 | D:15     | Killed a two-headed ogre
 13279 | D:13     | Noticed a two-headed ogre
 13283 | D:13     | Killed a two-headed ogre
 13284 | D:13     | Reached XP level 13. HP: 115/122 MP: 12/12
 13439 | D:13     | Reached ****** piety under Trog
 13700 | D:12     | Received a gift from Trog
 13904 | D:11     | Reached skill level 18 in Maces & Flails
 14070 | D:11     | Found Qupyich's Jewellery Boutique.
 14419 | D:4      | Killed KittyFluff's ghost
 14602 | Lair:1   | Entered Level 1 of the Lair of Beasts
 15385 | Lair:1   | Received a gift from Trog
 15550 | Lair:1   | Gained mutation: Your flesh is heat resistant. (rF+)
                  | [potion of mutation]
 15553 | Lair:1   | Reached skill level 15 in Fighting
 15553 | Lair:1   | Reached skill level 10 in Shields
 15553 | Lair:1   | Reached XP level 14. HP: 135/135 MP: 13/13
 15554 | Lair:1   | Reached XP level 15. HP: 141/141 MP: 14/14
 15565 | Lair:1   | Lost mutation: Your flesh is heat resistant. (rF+) [potion
                  | of mutation]
 15565 | Lair:1   | Gained mutation: You have a pair of large horns on your
                  | head. [potion of mutation]
 15565 | Lair:1   | Gained mutation: Your flesh is cold resistant. (rC+)
                  | [potion of mutation]
 15565 | Lair:1   | Gained mutation: Your movements are slightly less
                  | encumbered by armour. (ER -2) [potion of mutation]
 15580 | Lair:1   | Identified a scroll of acquirement
 15861 | Lair:1   | You fall into a shaft and drop 1 floor!
 15861 | Lair:2   | Found a staircase to the Shoals.
 15963 | Lair:2   | Reached XP level 16. HP: 131/149 MP: 15/15
 16755 | Lair:3   | Found a staircase to the Snake Pit.
 17138 | Lair:3   | Found a runed translucent door.
 17503 | Lair:3   | Acquired 725 gold pieces
 17847 | Lair:4   | Reached skill level 19 in Maces & Flails
 18282 | Lair:5   | Entered Level 5 of the Lair of Beasts
 18424 | Lair:5   | Found a runed translucent door.
 18426 | Lair:5   | Found a viscous altar of Jiyva.
 18470 | Lair:5   | Found a staircase to the Slime Pits.
 18532 | Lair:5   | Identified the +2 morningstar of Hujeuke {antimagic, rF+
                  | rN+} (Trog gifted it to you on level 5 of the Lair of
                  | Beasts)
 18532 | Lair:5   | Received a gift from Trog
 19352 | Lair:5   | Killed from afar by an oklob plant

Illustrated notes

Levels and vault maps discovered:
D:1:      roderic_crop_circles_arrival_small, layout_basic,
          basic_ecumenical_altar
D:2:      layout_loops_ring, serial_rivers, chequers_serial_rivers_small_a,
          chequers_serial_rivers_small_a, chequers_serial_rivers_micro_b,
          chequers_serial_rivers_micro_e, chequers_serial_rivers_large_b,
          basic_altar, st_stairs_3, uniq_natasha, uniq_robin
D:3:      layout_rooms, overflow_temple_1_default, hangedman_decor_peaks_small,
          nicolae_eternal_life, chequers_serial_rivers_room_a,
          lexackson_kobold_supper
D:4:      layout_basic, ebering_ghost_sewer_f, st_stairs_6, uniq_edmund
D:5:      layout_basic, amcnicky_altar_gilded, kennysheep_little_box,
          makhleb_grotto_becter, kennysheep_mini, minmay_misc_feat_five,
          minmay_manual_mandibuliform
D:6:      layout_loops_ring, chequers_temple_overflow_statue_of_worship,
          minmay_temple_entry_overgrown
D:7:      layout_cave_pods, nicolae_ossuary_entry_giza, minmay_nine_imps,
          uniq_prince_ribbit1
D:8:      layout_basic, mainiacjoe_overflow_paths, amcnicky_mini_pool_medium,
          uniq_joseph, uniq_gastronok
D:9:      layout_roguey, tso_oasis_becter, minivault_11
D:10:     layout_long_grid, erik_orc_2
D:11:     layout_basic, dpeg_lair_monsters, serial_shops, nicolae_shop_crystal,
          uniq_josephine
D:12:     layout_loops_cross
D:13:     layout_stronghold, serial_rivers, chequers_serial_rivers_small_a,
          chequers_serial_rivers_micro_a, chequers_serial_rivers_micro_c,
          chequers_serial_rivers_micro_a, chequers_serial_rivers_micro_c,
          small_statue_alley_a, minivault_19, serial_bayou_lake_a
D:14:     layout_basic, skrybe_vaults_entry_preservation
D:15:     hangedman_depths_entry_try_elsewhere_first, layout_irregular_city,
          serial_shops, shop_statue
Temple:   nicolae_temple_ecumenical_triangle
Lair:1:   layout_chaotic_city, nicolae_lair_grazing_beasts
          [nicolae_sub_lair_graze_edge, nicolae_sub_lair_graze_edge,
          nicolae_sub_lair_graze_edge, nicolae_sub_lair_graze_edge],
          serial_bayou_shore_b, grunt_megastairs_1, lemuel_fruit_fields
Lair:2:   layout_small_grid, minmay_shoals_entry_centaurs
Lair:3:   layout_loops_ring, guppyfry_snake_entry_garden,
          chequers_serial_rivers_small_a, pf_torpor_hydra
Lair:4:   layout_small_grid
Lair:5:   minmay_lair_end_frog_pond, layout_regular_city, slime_entry_2,
          dpeg_oklob_1

Skill      XL: |  1  2  3  4  5  6  7  8  9 10 11 12 13 14 15 16 |
---------------+-------------------------------------------------+-----
Fighting       | 4 5 6 7 8 10 12 13 15 16 | 16.3
Maces & Flails | 4 5 6 7 8 12 14 16 17 18 19 | 19.2
Armour         | 3 4 5 6 8 9 |  9.9
Dodging        | 3 4 5 7 8 9 10 12 13 14 | 14.3
Stealth        | 1 2 4 5 6 7 |  7.7
Shields        | 1 3 5 7 8 10 11 13 | 13.2
Throwing       | 1 |  1.7

Action                     |  1- 3 |  4- 6 |  7- 9 | 10-12 | 13-15 | 16-18 || total
---------------------------+-------+-------+-------+-------+-------+-------++-------
  Melee: Mace              |    58 |   129 |    17 |       |       |   328 ||   532
         Headbutt          |     4 |    25 |    46 |    68 |    60 |   105 ||   308
         Punch             |       |     2 |     1 |     6 |     5 |       ||    14
         Flail             |       |       |   220 |   357 |   250 |    33 ||   860
         Morningstar       |       |       |       |       |       |    22 ||    22
  Throw: Boomerang         |       |       |       |     3 |     5 |       ||     8
 Invoke: Berserk           |       |     3 |     1 |     8 |     2 |     3 ||    17
         Trog's Hand       |       |     2 |     1 |     7 |     3 |     2 ||    15
         Brothers in Arms  |       |       |       |       |     1 |     1 ||     2
    Use: Scroll            |       |       |    13 |    11 |    11 |    12 ||    47
         Potion            |       |       |     3 |     5 |     7 |     6 ||    21
   Stab: Sleeping          |       |       |     2 |     3 |     1 |    16 ||    22
 Armour: Scale mail        |    25 |     1 |       |       |       |       ||    26
         Leather armour    |       |    32 |    80 |   151 |   113 |   141 ||   517
  Dodge: Dodged            |    41 |   109 |   141 |   291 |   209 |   281 ||  1072
  Block: Other             |       |       |    39 |    91 |    55 |       ||   185
         Reflection        |       |       |     2 |     5 |     2 |     1 ||    10
         Buckler           |       |       |       |       |    33 |   317 ||   350
